 Dungeon Crawl Stone Soup version 0.30-a0-989-g0d87f670db (webtiles) character file.

Game seed: 8034677065868846791

151 Jeffwins the Sneak (level 5, 0/35 HPs)
             Began as a Human Wanderer on Apr 3, 2023.
             Slain by Pikel the scorpion (2 damage)
             ... on level 4 of the Dungeon.
             The game lasted 00:04:36 (2642 turns).

Jeffwins the Sneak (Human Wanderer)                 Turns: 2642, Time: 00:04:37

Health: 0/35       AC:  7    Str: 16    XL:     5   Next: 59%
Magic:  6/6        EV: 11    Int:  9    God:
Gold:   234        SH:  0    Dex: 16    Spells: 4/5 levels left

rFire   + . .      SeeInvis .    a - +2 dagger (venom)
rCold   + . .      Faith    .    (no shield)
rNeg    . . .      Spirit   .    v - +3 leather armour {rC+}
rPois   .          Reflect  .    (no helmet)
rElec   .          Rampage  .    (no cloak)
rCorr   .                        (no gloves)
Will    .....                    d - +0 pair of boots
Stlth   +++                      (no amulet)
HPRegen 0.25/turn                F - ring of protection from fire
MPRegen 0.10/turn                Z - ring of wizardry

@: no status effects
A: strong 1, inability to drink after injury 1
a: no special abilities


You were on level 4 of the Dungeon.
You visited 1 branch of the dungeon, and saw 4 of its levels.

You collected 234 gold pieces.


Innate Abilities, Weirdness & Mutations

Your muscles are strong. (Str +4, Int/Dex -1)
You occasionally lose the ability to drink potions when taking damage.


   Skills:
 * Level 2.6 Short Blades
 + Level 3.4 Throwing
 + Level 4.5 Stealth
 + Level 0.7 Spellcasting
 * Level 1.4 Conjurations
 * Level 1.1 Fire Magic
 + Level 2.7 Evocations


You had 4 spell levels left.
You knew the following spells:

 Your Spells              Type           Power      Damage    Failure   Level
z - Foxfire               Conj/Fire      8%         2x1d2     11%         1

Your spell library contained the following spells:

 Spells                   Type           Power      Damage    Failure   Level
 Magic Dart               Conj           8%         1d3       11%         1
 Searing Ray              Conj           4%         2d4       16%         2
 Fulminant Prism          Conj/Hex       0%         3d5       77%         4
 Fireball                 Conj/Fire      1%         3d3       95%         5
 Starburst                Conj/Fire      1%         6d3       100%        6

Inventory:

Hand Weapons
 a - a +2 dagger of venom (weapon)
 w - a +2 dagger
Missiles
 b - 4 curare-tipped darts (quivered) {=f}
Armour
 d - a +0 pair of boots (worn)
 v - a +3 leather armour of cold resistance (worn)
Magical Staves
 p - a staff of air
Jewellery
 F - a ring of protection from fire (left hand)
 Z - a ring of wizardry (right hand)
Wands
 o - a wand of roots (7)
 q - a wand of quicksilver (7)
Scrolls
 h - a scroll of brand weapon
 i - 3 scrolls of teleportation {@r4}
 l - a scroll of enchant weapon
 m - 2 scrolls of vulnerability {!r}
 n - a scroll of immolation {!r}
Potions
 e - 2 potions of attraction {!q}
 f - a potion of mutation {!q}
 g - a potion of invisibility {unknown}
 j - 2 potions of magic
 r - a potion of curing {unknown}
 s - a potion of degeneration {unknown}
 t - a potion of brilliance {unknown}

Dungeon Overview and Level Annotations

Branches:
Dungeon (4/15)
 Temple: D:4-7

Altars:
Nemelex Xobeh

Annotations:
D:4 Pikel

##### #.########
#...###.#### ..#........#
#...###..#.# ##.## #..#.#
#.# #....####### #.#
##.#.......# #.#
#.#.#####.# ..# #.#.## #@#
### #....## #s#
#.###.###5## #.#
##.#.#5#### #. #..###...#
#.## #.#.#.##.###
##.###.###.......##.####
#.....##........55......
###................5..####


You could see 2 lemures and Pikel the scorpion.


Message History

A lemure comes into view.
A lemure comes into view.
Found 7 gold pieces.
Pikel shouts!
A lemure comes into view.
You hit Pikel but do no damage. Pikel barely misses you.
You miss Pikel.
Pikel hits you with a +0 whip of electrocution.
You hit Pikel but do no damage.
Pikel is poisoned.
Pikel hits you with a +0 whip of electrocution.
You are electrocuted!!
Ouch! That really hurt!
* * * LOW HITPOINT WARNING * * *
Okay, then.
Okay, then.
Aiming: Polymorph
Press: ? - help, Shift-Dir - straight line, f - Pikel
Aim: Pikel, wielding a +0 whip of electrocution and wearing a +0 robe of fire resistance (very poisoned, will become a swamp drake, a scorpion, or a killer bee, chance to affect: 55%) Pikel evaporates and reforms as a scorpion!
The now-empty wand crumbles to dust.
Pikel stings you.
* * * LOW HITPOINT WARNING * * *
Unknown command.
It was a potion of magic.
Magic courses through your body. Pikel closely misses you.
Unknown command.
It was a potion of mutation.
You feel extremely strange.
You occasionally lose the ability to drink potions when taking damage.
You feel stronger. Pikel stings you.
You die...

Skill      XL: |  1  2  3  4 |
---------------+-------------+-----
Short Blades   | 2 |  2.6
Conjurations   | 1 |  1.4
Fire Magic     | 1 |  1.1
Throwing       | |  3.4
Stealth        | |  4.5
Spellcasting   | |  0.7
Evocations     | |  2.7

Action                     |  1- 3 |  4- 6 || total
---------------------------+-------+-------++-------
  Melee: Dagger            |    66 |    62 ||   128
         Punch             |     2 |     1 ||     3
         Unarmed           |       |     1 ||     1
  Throw: Dart              |     3 |       ||     3
   Cast: Foxfire           |     6 |     3 ||     9
  Evoke: Wand              |       |    11 ||    11
    Use: Scroll            |       |     5 ||     5
         Potion            |       |     2 ||     2
   Stab: Sleeping          |    10 |     4 ||    14
         Distracted        |       |     1 ||     1
 Armour: Leather armour    |    21 |    12 ||    33
  Dodge: Dodged            |    26 |    24 ||    50

Levels and vault maps discovered:
D:1:      giann_bridges, layout_loops_ring,
          shapermc_ecumenical_altar_mp_vishouse, minmay_tree_intersection
D:2:      layout_basic, basic_altar, minmay_misc_feat_rows,
          kennysheep_generic_room_9
D:3:      layout_loops_ring, lemuel_crystal_altar, bh_walls_and_bars
D:4:      layout_loops_ring, minmay_misc_feat_alley, nicolae_figureground_pulse,
          uniq_ijyb, uniq_duvessa, uniq_pikel

Notes
Turn   | Place    | Note
-------+----------+-------------------------------------------
     0 | D:1      | Jeffwins the Human Wanderer began the quest for the Orb.
     0 | D:1      | Jeffwins set off with the following items: a +2 dagger, 4
                  | curare-tipped darts {=f}, a +0 short sword, a +0 pair of
                  | boots, a potion of attraction {!q}, a +0 leather armour.
     0 | D:1      | Reached XP level 1. HP: 13/13 MP: 1/1
   100 | D:1      | Reached XP level 2. HP: 8/19 MP: 2/2
   582 | D:1      | Found a faded altar of an unknown god.
   917 | D:2      | Found a sparkling altar of Nemelex Xobeh.
   931 | D:2      | Reached XP level 3. HP: 24/24 MP: 3/3
   963 | D:2      | Reached skill level 2 in Short Blades
  1628 | D:3      | Found a sparkling altar of Nemelex Xobeh.
  1640 | D:3      | Learned a level 1 spell: Foxfire
  1814 | D:3      | Reached XP level 4. HP: 30/30 MP: 4/4
  2276 | D:4      | Noticed Ijyb
  2293 | D:4      | Killed Ijyb
  2294 | D:4      | Reached skill level 1 in Conjurations
  2407 | D:4      | Noticed Duvessa
  2407 | D:4      | Noticed Dowan
  2413 | D:4      | Duvessa changed into Duvessa the quokka
  2413 | D:4      | Noticed Duvessa
  2419 | D:4      | Killed Duvessa the quokka
  2421 | D:4      | Killed Dowan
  2422 | D:4      | Reached skill level 1 in Fire Magic
  2422 | D:4      | Reached XP level 5. HP: 29/35 MP: 5/5
  2620 | D:4      | Noticed a lemure
  2623 | D:4      | Noticed Pikel
  2624 | D:4      | Noticed a lemure
  2625 | D:4      | Noticed a lemure
  2625 | D:4      | Noticed a lemure
  2640 | D:4      | Pikel changed into Pikel the scorpion
  2640 | D:4      | Noticed Pikel
  2640 | D:4      | HP: 1/35 [Pikel the scorpion (4)]
  2642 | D:4      | Gained mutation: You occasionally lose the ability to drink
                  | potions when taking damage. [potion of mutation]
  2642 | D:4      | Gained mutation: Your muscles are strong. (Str +4, Int/Dex
                  | -1) [potion of mutation]
  2642 | D:4      | Slain by Pikel the scorpion

Vanquished Creatures
  Dowan (D:4)
  Ijyb (D:4)
  2 adders
  2 dart slugs
  2 orcs (D:3)
  A bat (D:1)
  5 endoplasms
  A giant cockroach (D:1)
  10 hobgoblins
  7 kobolds
  4 quokkas
  3 ball pythons
  3 frilled lizards
  6 goblins
  3 rats
51 creatures vanquished.

Vanquished Creatures (others)
  14 foxfires
14 creatures vanquished.

Grand Total: 65 creatures vanquished

Table legend: (Time is in decaauts)
 A = Elapsed time spent in this place.
 B = Non-inter-level travel time spent in this place.
 C = Inter-level travel time spent in this place.
 D = Time resting spent in this place.
 E = Time spent auto-exploring this place.
 F = Levels seen in this place.
 G = Mean time per level.
                   A        B        C        D        E       F      G
               +--------+--------+--------+--------+--------+-----+--------+
         Total |   2626 |   2526 |    100 |     30 |   2033 |   4 |  656.5 |
       Dungeon |   2626 |   2526 |    100 |     30 |   2033 |   4 |  656.5 |
               +--------+--------+--------+--------+--------+-----+--------+

Top non-repeatable levels by time:
     D:1: 850 daAuts
     D:3: 746 daAuts
     D:2: 549 daAuts
     D:4: 480 daAuts

Table legend:
 A = Non-vault XP
 B = Vault XP
 C = Vault XP percentage of total XP
 D = Non-vault monster count
 E = Vault monster count
 F = Vault count percentage of total count
                 A         B        C        D         E       F
            +---------+---------+-------+---------+---------+-------
      Total |     108 |     108 |  50.0 |      47 |       4 |   7.8
            +---------+---------+-------+---------+---------+-------
        D:1 |      27 |       0 |   0.0 |      17 |       0 |   0.0
        D:2 |      24 |       4 |  14.3 |       7 |       1 |  12.5
        D:3 |      17 |       0 |   0.0 |       9 |       0 |   0.0
        D:4 |      40 |     104 |  72.2 |      14 |       3 |  17.6
            +---------+---------+-------+---------+---------+-------
